 Dungeon Crawl Stone Soup version 0.30-a0-1124-g6e8f0f562f (webtiles) character file.

Game seed: 1446692021219301051

58898 Darkkill the Marksminotaur (level 14, -4/135 HPs)
             Began as a Minotaur Hunter on Apr 22, 2023.
             Was an Initiate of Gozag.
             Killed from afar by a rakshasa (22 damage)
             ... with a lance of force
             ... on level 2 of the Abyss on Apr 23, 2023.
             The game lasted 00:33:33 (17516 turns).

Darkkill the Marksminotaur (Minotaur Hunter)       Turns: 17516, Time: 00:33:33

Health: -4/135     AC:  7    Str: 22    XL:     14   Next: 51%
Magic:  13/13      EV: 22    Int: 12    God:    Gozag
Gold:   1666       SH:  0    Dex: 21    Spells: 13/13 levels left

rFire   . . .        a - +8 longbow (freeze)
rCold   . . .        (shield currently unavailable)
rNeg    . . .        c - +2 leather armour
rPois   +            (helmet restricted)
rElec   .            (no cloak)
rCorr   .            (no gloves)
SInv    .            G - +1 pair of boots "Wirhesch" {rPois Dex+2 Stlth+}
Will    +....        (no amulet)
Stlth   +++          r - +6 ring of intelligence
HPRegen 0.42/turn    x - +6 ring of strength
MPRegen 0.13/turn

%: no passive effects
@: confused, slowed, very slow
A: horns 2, retaliatory headbutt
a: Renounce Religion, Potion Petition, Call Merchant, Bribe Branch


You were on level 2 of the Abyss.
You worshipped Gozag.
Gozag was most pleased with you.
You visited 4 branches of the dungeon, and saw 20 of its levels.
You visited the Abyss 1 time.

You collected 4611 gold pieces.
You spent 442 gold pieces at shops.
You paid 2503 gold pieces to Gozag.

Inventory:

Hand Weapons
 a - a +8 longbow of freezing (weapon)
 b - the +7 battleaxe "Hydrabane" {drain, Int+4}
   (You found it on level 8 of the Dungeon)

   Int:       It affects your intelligence (+4).
Missiles
 d - 170 stones
 m - a boomerang of dispersal {=f !f}
 o - 31 poisoned darts
 t - a throwing net {=f !f}
 C - 3 boomerangs
 D - 7 atropa-tipped darts
Armour
 c - a +2 leather armour (worn)
 G - the +1 pair of boots "Wirhesch" (worn) {rPois Dex+2 Stlth+}
   (You found it on level 10 of the Dungeon)

   Dex:       It affects your dexterity (+2).
   rPois:     It protects you from poison.
   Stlth:     It makes you more stealthy.
 I - +0 swamp dragon scales
Jewellery
 r - a +6 ring of intelligence (left hand)
 x - a +6 ring of strength (right hand)
Wands
 p - a wand of light (4)
 s - a wand of iceblast (8)
 v - a wand of charming (8)
 E - a wand of mindburst (5)
Scrolls
 e - a scroll of teleportation
 f - a scroll of amnesia
 j - a scroll of immolation
 y - 3 scrolls of fear
 A - 4 scrolls of fog
 F - 5 scrolls of identify {@r1}
 J - a scroll of blinking
Potions
 g - 5 potions of attraction
 h - 2 potions of magic
 i - 4 potions of might
 k - 3 potions of lignification
 l - 2 potions of mutation
 n - 2 potions of cancellation
 q - 2 potions of resistance
 u - 5 potions of brilliance
 z - 2 potions of berserk rage
 B - 5 potions of ambrosia
Miscellaneous
 w - a condenser vane
 H - a box of beasts


   Skills:
 + Level 15.5 Fighting
 + Level 17.6 Ranged Weapons
 + Level 14.3 Dodging
 + Level 12.1 Stealth


You had 13 spell levels left.
You didn't know any spells.
Your spell library contained the following spells:

 Spells                   Type           Power      Damage    Failure   Level
 Beastly Appendage        Tmut           0%         N/A       36%         1
 Necrotise                Necr           0%         1d4       36%         1
 Lesser Beckoning         Tloc           0%         N/A       50%         2
 Wereblood                Tmut           0%         N/A       50%         2
 Gell's Gravitas          Tloc           0%         N/A       75%         3
 Portal Projectile        Hex/Tloc       0%         N/A       75%         3
 Spider Form              Tmut/Pois      0%         N/A       75%         3
 Teleport Other           Tloc           0%         N/A       75%         3
 Tukima's Dance           Hex            0%         N/A       75%         3
 Vampiric Draining        Necr           0%         2d6       75%         3
 Dispel Undead            Necr           0%         3d6       98%         4
 Passage of Golubria      Tloc           0%         N/A       98%         4
 Agony                    Necr           0%         N/A       100%        5
 Blade Hands              Tmut           0%         N/A       100%        5
 Freezing Cloud           Conj/Ice/Air   0%         6-21      100%        5
 Summon Forest            Summ/Tloc      0%         N/A       100%        5
 Summon Mana Viper        Hex/Summ       0%         N/A       100%        5
 Yara's Violent Unravell  Hex/Tmut       0%         3d3       100%        5
 Iron Shot                Conj/Erth      0%         9d1       100%        6
 Summon Cactus Giant      Summ           0%         N/A       100%        6
 Storm Form               Tmut/Air       0%         N/A       100%        7
 Borgnjor's Revivificati  Necr           0%         N/A       100%        8


Dungeon Overview and Level Annotations

Branches:
Dungeon (13/15)            Temple (1/1) D:6            Lair (5/5) D:10
  Swamp (0/4) Lair:2       Spider (0/4) Lair:2        Slime (0/5) Lair:5
    Orc (1/2) D:9
 Vaults: D:13-14

Altars:
Ashenzari
Cheibriados
Dithmenos
Elyvilon
Fedhas
Gozag
Hepliaklqana
Kikubaaqudgha
Makhleb
Nemelex Xobeh
Okawaru
Qazlal
Ru
Sif Muna
Trog
Uskayaw
Vehumet
Wu Jian
Xom
Yredelemnul
Zin
The Shining One

Shops:
D:2 *?   D:4 ?   D:6 !   D:12 :   Lair:1 (   Lair:3 (   Lair:5 [


Innate Abilities, Weirdness & Mutations

You have a pair of horns on your head.
You reflexively headbutt those who attack you in melee.


Message History

The golden eye blinks at you.
You easily resist.
The golden eye turns its gaze towards you.
You clumsily bash the large abomination but do no damage.
You headbutt the large abomination, but do no damage.
The golden eye blinks! x2; The large abomination hits you!!
The golden eye blinks at you. You resist with some effort.
The golden eye blinks at you. You resist with almost no effort.
The large abomination hits you but does no damage.
The golden eye blinks!
The golden eye blinks at you. You resist with almost no effort.
The golden eye blinks at you.
You are more confused.
The rakshasa completely misses you.
The large abomination barely misses you.
The golden eye blinks at you. You resist with almost no effort.
The golden eye blinks at you. You resist with almost no effort.
The rakshasa hits you from afar with a +0 trident!
The golden eye blinks at you. You resist with some effort.
The large abomination completely misses you.
The golden eye blinks at you.
You are more confused.
You clumsily bash the golden eye but do no damage.
The golden eye blinks at you.
You easily resist.
The golden eye blinks!
The rakshasa hits you from afar with a +0 trident.
The large abomination hits you!
The rakshasa hits you from afar with a +0 trident!
The large abomination closely misses you.
The golden eye blinks at you.
You are more confused.
The golden eye blinks!
You clumsily bash the golden eye but do no damage.
Your headbutt misses the golden eye. The golden eye blinks at you.
You resist with almost no effort. The golden eye blinks at you.
You are more confused.
The rakshasa blinks!
The golden eye blinks at you.
You are more confused.
The large abomination hits you but does no damage.
The golden eye blinks at you.
You are more confused.
The golden eye blinks!
The large abomination misses you. The golden eye blinks at you.
You are more confused.
The large abomination attacks as you move away!
The large abomination hits you!
* * * LOW HITPOINT WARNING * * *
The golden eye blinks at you. You resist with some effort.
The golden eye blinks!
The golden eye blinks at you. You resist with almost no effort.
The golden eye blinks at you. You resist with some effort.
The rakshasa completely misses you. The large abomination misses you.
The golden eye blinks at you.
You are more confused.
You clumsily bash the large abomination but do no damage.
You headbutt the large abomination!
The large abomination is lightly damaged.
The golden eye blinks at you. You resist with some effort.
The golden eye blinks at you.
You are more confused.
The golden eye blinks at you. The rakshasa misses you.
The large abomination completely misses you.
The golden eye blinks at you.
You easily resist.
The golden eye blinks at you.
The rakshasa blinks!
The large abomination barely misses you.
The golden eye blinks!
The rakshasa hits you with a +0 trident!
* * * LOW HITPOINT WARNING * * *
The large abomination hits you but does no damage.
The golden eye blinks at you. You resist with some effort.
The rakshasa hits you with a +0 trident.
* * * LOW HITPOINT WARNING * * *
The large abomination barely misses you.
The golden eye blinks at you. You resist with almost no effort.
You bump into the stone wall.
The golden eye blinks!
The golden eye blinks at you. You resist with almost no effort.
The golden eye blinks at you.
You are more confused.
The rakshasa gestures at you. The lance of force hits you!!
You die...
Your body crumbles into a pile of gold.

#.. ....#. . .#
...#....##.. ..
#...##..#..#...
..# ..>........
#.#..... .#..
#.##..#G....
..##.#...#.#.#.
##......RGG###
.###.#§X@##..#.#
##. #.G## #...#
#.####.....# .
#.#..#...##....#
#.#....# ##.
##......# #
...###..# #..
#.#. # .## #..#
....# .##


You could see a rakshasa, a large abomination and 4 golden eyes.

Vanquished Creatures
  Kirke (Lair:5)
  Josephine (D:11)
  Fannar (D:10)
  3 hydras
  2 catoblepae (Lair:5)
  2 two-headed ogres
  Erolcha (D:11)
  2 boulder beetles
  8 death yaks
  A skyshark (Lair:2)
  A sixfirhy (Abyss:2)
  A necromancer (D:13)
  A deep elf pyromancer (D:12)
  3 ugly things
  3 cyclopes
  A manticore (Lair:5)
  15 elephants
  Joseph (D:7)
  12 cane toads
  4 black mambas
  2 gargoyles
  2 torpor snails
  2 unseen horrors
  A kobold demonologist (D:12)
  2 komodo dragons
  A meliai (D:12)
  A queen bee (Lair:2)
  7 trolls
  3 polar bears
  A hornet (D:10)
  6 dream sheep (Lair:3)
  12 blink frogs
  4 wyverns
  3 shadows
  9 wraiths
  5 basilisks
  36 yaks
  2 steam dragons
  A neqoxec (Abyss:2)
  Eustachio (D:5)
  7 hogs (Lair:5)
  14 humans (D:13)
  A redback (Lair:2)
  2 vampire mosquitoes (D:12)
  10 water moccasins
  A sky beast (D:8)
  3 orc warriors
  3 ice beasts
  3 black bears
  20 wolves
  3 centaurs (D:6)
  A phantom (D:5)
  2 kobold brigands
  11 bullfrogs
  A gnoll sergeant (D:12)
  2 scorpions
  9 wights
  25 killer bees (Lair:2)
  3 howler monkeys
  2 electric eels (D:10)
  A crimson imp (D:7)
  A lava snake (D:7)
  6 hounds
  4 jellies
  7 orc priests
  A gnoll bouda (D:5)
  A sleepcap (D:5)
  2 iguanas
  18 orc wizards
  5 hell rats (Lair:4)
  7 gnolls
  9 adders
  A white imp (D:7)
  An ufetubus (D:6)
  A worm (D:2)
  7 dart slugs
  44 orcs
  6 ball pythons
  5 bats
  6 endoplasms
  4 giant cockroaches
  6 goblins
  7 hobgoblins
  2 jackals (D:3)
  7 quokkas
  3 frilled lizards
  17 kobolds
  3 rats (D:2)
  A spectral hobgoblin (D:2)
471 creatures vanquished.

Vanquished Creatures (collateral kills)
  A catoblepas (Lair:5)
  2 death yaks (Lair:5)
  A manticore (Lair:5)
  4 yaks (Lair:5)
8 creatures vanquished.

Vanquished Creatures (others)
  A yak (Lair:5)
  22 fungi
  20 plants
43 creatures vanquished.

Grand Total: 522 creatures vanquished

Notes
Turn   | Place    | Note
-------+----------+-------------------------------------------
     0 | D:1      | Darkkill the Minotaur Hunter began the quest for the Orb.
     0 | D:1      | Reached XP level 1. HP: 18/18 MP: 0/0
    81 | D:1      | Reached skill level 1 in Stealth
   108 | D:1      | Reached XP level 2. HP: 25/25 MP: 1/1
   806 | D:2      | Reached XP level 3. HP: 31/31 MP: 2/2
   820 | D:2      | Found Ytabb's General Store.
   835 | D:2      | Found Paebb's Magic Scroll Shop.
   857 | D:2      | Identified the +7 hand axe of the Flying Madman {drain,
                  | Str+4}
   996 | D:2      | Reached XP level 4. HP: 38/38 MP: 3/3
  1032 | D:2      | Found a faded altar of an unknown god.
  1391 | D:3      | Reached skill level 5 in Ranged Weapons
  1401 | D:3      | Reached XP level 5. HP: 40/46 MP: 4/4
  1548 | D:3      | Found an iron altar of Okawaru.
  1729 | D:3      | Identified a scroll of acquirement
  1729 | D:3      | Acquired a manual of Ranged Weapons
  2071 | D:4      | Found a glowing silver altar of Zin.
  2071 | D:4      | Noticed an angel
  2197 | D:4      | Found an ornate altar of the Wu Jian Council.
  2223 | D:4      | Reached XP level 6. HP: 52/52 MP: 5/5
  2248 | D:4      | Found The Oracle's Delphic Readings.
  2277 | D:4      | Bought a scroll of enchant weapon for 82 gold pieces
  2342 | D:5      | Entered Level 5 of the Dungeon
  2378 | D:5      | Reached skill level 6 in Ranged Weapons
  2664 | D:5      | Found a hazy altar of Hepliaklqana.
  2820 | D:5      | Noticed Eustachio
  2837 | D:5      | Killed Eustachio
  2838 | D:5      | Reached skill level 5 in Fighting
  2838 | D:5      | Reached XP level 7. HP: 31/61 MP: 6/6
  3024 | D:5      | Reached skill level 7 in Ranged Weapons
  3181 | D:5      | Reached skill level 5 in Dodging
  3631 | D:6      | Found Nyenyphoami's Distillery.
  3644 | D:6      | Bought a potion of curing for 36 gold pieces
  3644 | D:6      | Bought a potion of heal wounds for 60 gold pieces
  3644 | D:6      | Bought a potion of curing for 36 gold pieces
  3649 | D:6      | Reached XP level 8. HP: 60/70 MP: 7/7
  3654 | D:6      | Reached skill level 8 in Ranged Weapons
  3909 | D:6      | Found a staircase to the Ecumenical Temple.
  3962 | D:6      | Found a blossoming altar of Fedhas.
  3992 | Temple   | Entered the Ecumenical Temple
  4062 | D:6      | Reached skill level 9 in Ranged Weapons
  4077 | D:6      | Reached skill level 5 in Stealth
  4394 | D:7      | Found a shimmering altar of Xom.
  4394 | D:7      | Found a burning altar of Makhleb.
  4514 | D:7      | Noticed Joseph
  4534 | D:7      | Reached XP level 9. HP: 31/79 MP: 8/8
  4543 | D:7      | Killed Joseph
  4544 | D:7      | Reached skill level 10 in Ranged Weapons
  4813 | D:7      | Found an opulent altar of Gozag.
  4813 | D:7      | Found a broken altar of Ashenzari.
  4918 | D:7      | Became a worshipper of Gozag Ym Sagoz the Greedy
  5324 | D:8      | Found a stormy altar of Qazlal.
  5441 | D:8      | Found a hide-covered altar of Uskayaw.
  5518 | D:8      | Reached skill level 11 in Ranged Weapons
  5761 | D:8      | Found a radiant altar of Vehumet.
  5772 | D:8      | Found an ancient bone altar of Kikubaaqudgha.
  5813 | D:8      | Got Kikubaaqudgha's Vellum of Cadavers
  5819 | D:8      | Found a shimmering blue altar of Sif Muna.
  5872 | D:8      | Identified the +7 battleaxe "Hydrabane" {drain, Int+4}
  6603 | D:9      | Reached XP level 10. HP: 91/91 MP: 9/9
  6647 | D:9      | Found a staircase to the Orcish Mines.
  7528 | D:10     | Entered Level 10 of the Dungeon
  7555 | D:10     | Reached skill level 12 in Ranged Weapons
  7583 | D:10     | Paralysed by a hornet for 1 turns
  7594 | D:10     | Paralysed by a hornet for 2 turns
  7793 | D:10     | Reached skill level 10 in Fighting
  7809 | D:10     | Found a staircase to the Lair.
  7889 | D:10     | Reached skill level 13 in Ranged Weapons
  8032 | D:10     | Noticed Fannar
  8052 | D:10     | Killed Fannar
  8220 | D:10     | Identified the +1 pair of boots "Wirhesch" {rPois Dex+2
                  | Stlth+}
  8275 | D:10     | Found a basalt altar of Yredelemnul.
  8347 | D:10     | Reached XP level 11. HP: 93/101 MP: 10/10
  8598 | Orc:1    | Entered Level 1 of the Orcish Mines
  8605 | Orc:1    | Noticed an orc sorcerer
  8610 | Orc:1    | Noticed a sun demon
  8748 | Lair:1   | Entered Level 1 of the Lair of Beasts
  8841 | Lair:1   | Noticed a boulder beetle
  8856 | Lair:1   | Killed a boulder beetle
  8994 | Lair:1   | Reached skill level 10 in Dodging
  9014 | Lair:1   | Reached skill level 14 in Ranged Weapons
  9390 | Lair:1   | Bought a runed longbow for 228 gold pieces
  9486 | Lair:2   | Reached skill level 15 in Ranged Weapons
  9564 | Lair:2   | Noticed an eight-headed hydra
  9572 | Lair:2   | Killed an eight-headed hydra
  9781 | Lair:2   | Found a staircase to the Swamp.
  9796 | Lair:2   | Noticed a skyshark
  9804 | Lair:2   | Killed a skyshark
  9835 | Lair:2   | Reached XP level 12. HP: 107/112 MP: 11/11
  9990 | Lair:2   | You fall into a shaft and drop 1 floor!
 10905 | Lair:3   | Reached skill level 10 in Stealth
 11360 | Lair:2   | Found a hole to the Spider Nest.
 11622 | Lair:4   | Noticed a death yak
 11626 | Lair:4   | Noticed a death yak
 11626 | Lair:4   | Killed a death yak
 11630 | Lair:4   | Reached skill level 16 in Ranged Weapons
 11636 | Lair:4   | Noticed a death yak
 11639 | Lair:4   | Noticed a death yak
 11642 | Lair:4   | Killed a death yak
 11651 | Lair:4   | HP: 5/115 [death yak (27)]
 11651 | Lair:4   | HP: 1/115 [polar bear (4)]
 11653 | Lair:4   | Killed a death yak
 12055 | Lair:4   | Identified the +0 ring mail of Ethics {-Tele rElec rCorr
                  | Dex-4}
 12084 | Lair:4   | Reached XP level 13. HP: 111/122 MP: 12/12
 12935 | Lair:5   | Entered Level 5 of the Lair of Beasts
 13244 | Lair:5   | Noticed Kirke
 13508 | Lair:5   | Found a staircase to the Slime Pits.
 13555 | Lair:5   | Killed Kirke
 13740 | Lair:5   | Upgraded the game from 0.30-a0-1123-gabc949cf19 to
                  | 0.30-a0-1124-g6e8f0f562f
 14917 | Lair:5   | Reached skill level 17 in Ranged Weapons
 15055 | Lair:5   | Got Bubribba's Handbook of Lofty Conjuration
 15436 | D:11     | Reached XP level 14. HP: 133/133 MP: 13/13
 15473 | D:11     | Noticed Josephine
 15483 | D:11     | Killed Josephine
 15708 | D:11     | Noticed Erolcha
 15711 | D:11     | Killed Erolcha
 15712 | D:11     | Reached skill level 15 in Fighting
 15890 | D:11     | Found a sparkling altar of Nemelex Xobeh.
 16463 | D:12     | Found Muofepn's Book Shop.
 16858 | D:12     | Got the Elucidation of Unified Maleficent Arts
 17268 | Abyss:2  | Cast into level 2 of the Abyss (a wizard)
 17425 | Abyss:2  | Noticed a lich
 17515 | Abyss:2  | HP: 23/135 [rakshasa/+0 trident (14)]
 17516 | Abyss:2  | Killed from afar by a rakshasa

Illustrated notes

Levels and vault maps discovered:
D:1:      minmay_arrival_doors, layout_basic, serial_bayou_pond_c
D:2:      layout_loops_ring, serial_shops, nicolae_shop_crystal, shop,
          dreamdust_ecumenical_altar_drowned_temple
D:3:      layout_rooms, okawaru_metal_pillars_1_2
D:4:      layout_rooms, zin_angel, lemuel_tele_altar,
          nicolae_nh_oracle_at_delphi
D:5:      layout_loops_ring, worldfamousw_hep_ancestral_shrine, uniq_eustachio
D:6:      nicolae_whirlpool, layout_rooms, fedhas_ov_isle_minmay,
          minmay_temple_entry_tees, serial_shops, shop
D:7:      layout_cave_pools, grunt_temple_overflow_champion_of_chaos,
          chequers_temple_overflow_statue_of_worship, kennysheep_cross_room,
          uniq_joseph
D:8:      layout_basic, palyth_temple_overflow_mages,
          mainiacjoe_overflow_catwalk, grunt_qazlal_clouds
D:9:      layout_basic, orc_0_dummy
D:10:     layout_roguey, mainiacjoe_overflow_surrounded_room, erik_lair_island,
          minmay_between, uniq_fannar
D:11:     layout_basic, nemelex_diamond_rough_becter, uniq_erolcha,
          uniq_josephine
D:12:     layout_rooms, serial_shops, kennysheep_little_box,
          minmay_diamond_spiral
D:13:     layout_loops_ring, grunt_vaults_entry_tiered,
          portal_ice_cave_entry_pillars_1, grunt_ministairs_4
Temple:   hellmonk_temple_two_chambers
Lair:1:   layout_hall_layers, grunt_megastairs_5
Lair:2:   layout_roguey [special_room_bee], swamp_mist, spider_nest_entry_webs,
          beast_lair_carwin_9
Lair:3:   layout_cave_pods
Lair:4:   layout_layer_cave, beast_lair_carwin_4
Lair:5:   evilmike_catoblepas_cave, layout_gridlike, slime_entry_1,
          grunt_megastairs_3, serial_bayou_shore_b, serial_bayou_shore_a,
          lemuel_fruit_tree, uniq_kirke
Orc:1:    layout_caves, mines3_lemuel, uniq_snorg
Abyss:2:  base: D:7, base: D:12, evilmike_abyss_exit_17, minivault_22

Skill      XL: |  1  2  3  4  5  6  7  8  9 10 11 12 13 14 |
---------------+-------------------------------------------+-----
Stealth        | 1 2 3 4 5 6 7 9 10 11 12 | 12.1
Fighting       | 3 4 5 6 7 9 10 12 13 14 15 | 15.5
Dodging        | 3 4 5 6 8 9 11 12 13 14 | 14.3
Ranged Weapons | 5 6 7 9 11 13 15 16 17 | 17.6

Action                     |  1- 3 |  4- 6 |  7- 9 | 10-12 | 13-15 || total
---------------------------+-------+-------+-------+-------+-------++-------
  Melee: Longbow           |       |       |       |       |     4 ||     4
         Headbutt          |       |       |       |       |     2 ||     2
   Fire: Shortbow          |    82 |   178 |   279 |   318 |       ||   857
         Longbow           |       |       |       |   243 |   462 ||   705
 Invoke: Call Merchant     |       |       |       |     2 |     1 ||     3
  Evoke: Wand              |       |       |       |    13 |    14 ||    27
         Box of beasts     |       |       |       |       |     1 ||     1
    Use: Scroll            |     4 |    11 |    10 |    11 |    13 ||    49
         Potion            |       |       |       |     6 |     4 ||    10
 Armour: Leather armour    |     3 |    21 |    20 |    60 |    18 ||   122
  Dodge: Dodged            |    15 |    54 |    79 |   223 |   144 ||   515

Table legend: (Time is in decaauts)
 A = Elapsed time spent in this place.
 B = Non-inter-level travel time spent in this place.
 C = Inter-level travel time spent in this place.
 D = Time resting spent in this place.
 E = Time spent auto-exploring this place.
 F = Levels seen in this place.
 G = Mean time per level.
                   A        B        C        D        E       F      G
               +--------+--------+--------+--------+--------+-----+--------+
         Total |  17540 |  16401 |   1139 |    546 |  13148 |  21 |  835.2 |
       Dungeon |  10714 |   9981 |    733 |    453 |   7942 |  13 |  824.2 |
        Temple |     17 |     13 |      4 |      0 |     11 |   1 |   17.0 |
          Lair |   6504 |   6103 |    401 |     93 |   5051 |   5 | 1300.8 |
  Orcish Mines |     11 |     11 |      0 |      0 |      0 |   1 |   11.0 |
         Abyss |    291 |    291 |      0 |      0 |    144 |   1 |  291.0 |
               +--------+--------+--------+--------+--------+-----+--------+

Top non-repeatable levels by time:
  Lair:5: 1865 daAuts
  Lair:4: 1718 daAuts
  Lair:3: 1346 daAuts
     D:5: 1303 daAuts
     D:8: 1253 daAuts
    D:10: 1193 daAuts
     D:9: 1041 daAuts
     D:7: 891 daAuts
  Lair:2: 888 daAuts
    D:11: 862 daAuts
    D:12: 816 daAuts
     D:1: 784 daAuts
     D:6: 740 daAuts
  Lair:1: 684 daAuts
     D:2: 603 daAuts

Table legend:
 A = Kills in this place as a percentage of kills in the entire game.
 B = Kills by you in this place as a percentage of kills by you in the entire game.
 C = Kills by friends in this place as a percentage of kills by friends in the entire game.
 D = Other kills in this place as a percentage of other kills in the entire game.
 E = Experience gained in this place as a percentage of experience gained in the entire game.
 F = Experience gained in this place divided by the number of levels of this place that you have seen.
                   A       B       C       D       E      F
               +-------+-------+-------+-------+-------+----------------------
         Total | 100.0 | 100.0 | 100.0 | 100.0 | 100.0 | 4006.7
       Dungeon |  60.0 |  61.1 |   0.0 |   0.0 |  36.7 | 2375.1
          Lair |  39.0 |  37.8 | 100.0 | 100.0 |  62.0 | 10429.2
  Orcish Mines |   0.6 |   0.6 |   0.0 |   0.0 |   0.2 | 177.0
         Abyss |   0.4 |   0.4 |   0.0 |   0.0 |   1.1 | 942.0
               +-------+-------+-------+-------+-------+----------------------
